 Dungeon Crawl Stone Soup version 0.21.1-1-g345015fe64 (webtiles) character file.

135 Naridas the Changer (level 5, -4/33 HPs)
             Began as an Octopode Transmuter on July 16, 2018.
             Killed by nerve-wracking pain
             ... invoked by an orc priest
              (12 damage)
             ... on level 3 of the Dungeon.
             The game lasted 00:10:33 (3529 turns).

Naridas the Changer (Octopode Transmuter)           Turns: 3529, Time: 00:10:33

Health: -4/33      AC:  2    Str:  9    XL:     5   Next: 18%
Magic:  6/9        EV: 19    Int: 17    God:
Gold:   134        SH:  0    Dex: 17    Spells: 3/9 levels left

rFire    . . .     SeeInvis .     - Unarmed
rCold    . . .     Gourm    .   (shield currently unavailable)
rNeg     . . .     Faith    .   (helmet currently unavailable)
rPois    x         Spirit   .   (no amulet)
rElec    .         Reflect  .   (no ring)
rCorr    .         Harm     .   (no ring)
MR       .....                  (no ring)
Stlth    ++........             (no ring)
HPRegen  0.11/turn              (no ring)
MPRegen  0.11/turn              (no ring)
                                (no ring)
                                (no ring)

@: spider-form
A: tiny, almost no armour, stealthy swim, (amphibious), 8 rings, (constrict 8)
a: End Transformation


You were on level 3 of the Dungeon.
You were not hungry.
You were a venomous arachnid creature.
You visited 1 branch of the dungeon, and saw 3 of its levels.

You collected 134 gold pieces.

Inventory:

Missiles
 a - 40 arrows
Jewellery
 f - an uncursed ring of flight {unknown}
Scrolls
 e - 2 scrolls of enchant weapon {unknown}
 h - 3 scrolls of teleportation
 j - a scroll of amnesia {unknown}
 k - a scroll of identify {unknown}
 l - a scroll of enchant armour {unknown}
Potions
 d - 3 potions of heal wounds {unknown}
 g - 2 potions of degeneration {unknown}
 i - a potion of agility {unknown}
Books
 b - a book of Changes

   Spells                             Type                      Level
   a - Beastly Appendage              Transmutation                1
   b - Sticks to Snakes               Transmutation                2
   c - Spider Form                    Transmutation/Poison         3
   d - Ice Form                       Ice/Transmutation            4
   e - Blade Hands                    Transmutation                5
Comestibles
 c - 7 rations


   Skills:
 - Level 1.0 Fighting
 - Level 2.0 Dodging
 - Level 3.0 Unarmed Combat
 + Level 2.7 Spellcasting
 - Level 4.7 Transmutations


You had 3 spell levels left.
You knew the following spells:

 Your Spells              Type           Power        Failure   Level  Hunger
a - Beastly Appendage     Tmut           ###...       10%         1    #......
b - Sticks to Snakes      Tmut           ###.....     12%         2    ##.....
c - Spider Form           Tmut/Pois      ##........   41%         3    ###....


Dungeon Overview and Level Annotations

Branches:
Dungeon (3/15)

Altars:
Dithmenos
Fedhas
Hepliaklqana
Kikubaaqudgha
Trog
Uskayaw


Innate Abilities, Weirdness & Mutations

You cannot wear most types of armour.
You are very stealthy in the water. (Stealth+)
((You are amphibious.))
You can wear up to eight rings at the same time.
((You can use your tentacles to constrict eight enemies at once.))
((Your skin changes colour to match your surroundings (Stealth+).))
((Your rubbery body absorbs attacks. (AC +1, EV +1)))


Message History

Casting: Beastly Appendage
Confirm with . or Enter, or press ? or * to list all spells.
Okay, then.
Casting: Beastly Appendage
Confirm with . or Enter, or press ? or * to list all spells.
You turn into a venomous arachnid creature.
You hit the orc priest.
The orc priest is moderately wounded.
The orc priest looks encouraged for a moment.
You hit the orc priest.
The orc priest is poisoned.
The orc priest is heavily wounded.
The orc priest invokes the aid of Beogh against you.
Beogh smites you!
* * * LOW HITPOINT WARNING * * *
You hit the orc priest but do no damage.
The orc priest looks as sick as possible!
The orc priest is severely wounded.
The orc priest mumbles some strange prayers to Beogh against you.
Pain shoots through your body!
You die...

#.#####.# #.#...S..)..######
##.##..<.## #.'.........#
##.##.#...# ###.........#
...##.###.# ###...(.....#
..........######.....(.....#
.###.#..###................#
.#...)..###................#
...##.....#..####o##########
.####.###(#..#..s.(#
...##...#(#.....####
##.####.#.#.....#
.#...........##.#
.######...##.##.#
.#.#.#######...[# .....#
###### .....# .#####


You could see an orc priest.

Vanquished Creatures
  An orc wizard (D:3)
  3 adders (D:2)
  A shadow imp (D:3)
  An ooze (D:2)
  A worm (D:2)
  4 leopard geckos
  2 orcs
  A giant cockroach (D:1)
  5 hobgoblins
  2 jackals (D:1)
  A quokka (D:3)
  5 bats (D:1)
  11 frilled lizards
  6 goblins
  11 kobolds
  4 rats
59 creatures vanquished.

Vanquished Creatures (collateral kills)
  2 orcs (D:3)
  A kobold (D:3)
3 creatures vanquished.

Grand Total: 62 creatures vanquished

Notes
Turn   | Place    | Note
-------+----------+-------------------------------------------
     0 | D:1      | Naridas the Octopode Transmuter began the quest for the Orb.
     0 | D:1      | Reached XP level 1. HP: 13/13 MP: 3/3
   181 | D:1      | Reached XP level 2. HP: 8/18 MP: 5/5
   555 | D:1      | Reached skill level 3 in Transmutations
   817 | D:1      | Learned a level 2 spell: Sticks to Snakes
   986 | D:1      | Reached XP level 3. HP: 13/23 MP: 6/6
  1472 | D:2      | Learned a level 3 spell: Spider Form
  1701 | D:2      | Reached skill level 4 in Transmutations
  1776 | D:2      | Found a hide-covered altar of Uskayaw.
  1786 | D:2      | Reached XP level 4. HP: 28/28 MP: 7/7
  1816 | D:2      | Found a blossoming altar of Fedhas.
  1824 | D:2      | Found a hazy altar of Hepliaklqana.
  1824 | D:2      | Found a shadowy altar of Dithmenos.
  1829 | D:2      | Found a bloodstained altar of Trog.
  1829 | D:2      | Found an ancient bone altar of Kikubaaqudgha.
  2984 | D:3      | Reached XP level 5. HP: 24/33 MP: 4/8
  3529 | D:3      | Killed from afar by an orc priest

Skill      XL: |  1  2  3 |
---------------+----------+-----
Transmutations | 3 4 |  4.7
Fighting       | |  1.0
Dodging        | |  2.0
Unarmed Combat | |  3.0
Spellcasting   | |  2.7

Action                   |  1- 3 |  4- 6 || total
-------------------------+-------+-------++-------
Melee: Unarmed           |    86 |    78 ||   164
       Constrict         |    19 |    17 ||    36
       Tentacles         |     9 |     6 ||    15
       Kick              |     7 |     3 ||    10
       Punch             |     1 |     3 ||     4
 Cast: Beastly Appendage |     3 |     4 ||     7
       Spider Form       |     1 |     3 ||     4
       Sticks to Snakes  |       |     2 ||     2
  Use: Scroll            |       |     1 ||     1
 Stab: Sleeping          |     5 |     1 ||     6
       Distracted        |     1 |       ||     1
  Eat: Chunk             |     3 |     3 ||     6
       Ration            |       |     1 ||     1
Armor: Skin              |     8 |     3 ||    11
Dodge: Dodged            |    72 |    52 ||   124
